 Dungeon Crawl Stone Soup version 0.31-a0-217-g58bb5d79cf (webtiles) character file.

Game seed: 11365842224623848356

1816 experimilk the Destroyer (level 8, 0/54 (57) HPs)
             Began as a Red Draconian Conjurer on July 2, 2023.
             Was an Initiate of Vehumet.
             Succumbed to a water moccasin's poison
             ... on level 5 of the Dungeon.
             The game lasted 00:16:52 (6990 turns).

experimilk the Destroyer (Red Draconian Conjurer)   Turns: 6990, Time: 00:16:52

HP:   0/54 (57)     AC:  8    Str: 12    XL:     8   Next: 85%
MP:   0/16          EV: 12    Int: 22    God:    Vehumet [......]
Gold: 308           SH:  0    Dex:  9    Spells: 9/18 levels left

rFire   + . .        r - +3 short sword
rCold   + . .        (no shield)
rNeg    . . .        (body armour unavailable)
rPois   .            (helmet restricted)
rElec   .            d - +0 cloak
rCorr   .            a - +0 pair of gloves {Str+3}
SInv    .            (no boots)
Will    .....        (no amulet)
Stlth   ++           e - ring of protection from cold
HPRegen 0.29/turn    g - +4 ring of slaying
MPRegen 0.15/turn

%: no passive effects
@: brilliant, lethally poisoned (0 -> -12), drained
A: breathe fire, AC +6, unfitting armour, fire resistance 1, cold-blooded
a: Breathe Fire, Renounce Religion


You were on level 5 of the Dungeon.
You worshipped Vehumet.
Vehumet was noncommittal.
You visited 2 branches of the dungeon, and saw 7 of its levels.

You collected 308 gold pieces.

Inventory:

Hand Weapons
 f - a +0 spear
 n - a +0 short sword
 r - a +3 short sword (weapon)
Armour
 a - a +0 pair of gloves of strength (worn)
 d - a +0 cloak (worn)
Jewellery
 e - a ring of protection from cold (left hand)
 g - a +4 ring of slaying (right hand)
 k - a ring of magical power
Scrolls
 c - 2 scrolls of immolation
 h - a scroll of torment {unknown}
 i - 4 scrolls of teleportation
 p - a scroll of noise {unknown}
 s - 2 scrolls of fog {unknown}
Potions
 j - 2 potions of haste
 m - a potion of enlightenment
 o - a potion of might


   Skills:
 - Level 1.7 Dodging
 - Level 1.7 Stealth
 + Level 5.5 Spellcasting
 - Level 9.0 Conjurations
 * Level 7.0 Fire Magic


You had 9 spell levels left.
You knew the following spells:

 Your Spells              Type           Power      Damage    Failure   Level
a - Magic Dart            Conj           100%       1d8       1%          1
b - Searing Ray           Conj           100%       2d8       1%          2
x - Flame Wave            Conj/Fire      58%        2d14      3%          4
z - Scorch                Fire           100%       2d9       1%          2

Your spell library contained the following spells:

 Spells                   Type           Power      Damage    Failure   Level
 Dazzling Flash           Conj/Hex       76%        N/A       4%          3
 Cigotuvi's Dreadful Rot  Necr/Pois/Air  18%        N/A       14%         2
 Fulminant Prism          Conj/Hex       19%        3d10      16%         4
 Iskenderun's Mystic Bla  Conj/Tloc      38%        2d9       16%         4
 Dispel Undead            Necr           9%         3d8       67%         4
 Death Channel            Necr           4%         N/A       100%        6
 Summon Cactus Giant      Summ           4%         N/A       100%        6


Dungeon Overview and Level Annotations

Branches:
Dungeon (6/15)             Temple (1/1) D:4

Altars:
Elyvilon
Fedhas
Gozag
Hepliaklqana
Kikubaaqudgha
Qazlal
Ru
Sif Muna
Vehumet
Wu Jian
Yredelemnul
Zin
The Shining One


Innate Abilities, Weirdness & Mutations

You can breathe blasts of fire.
Your fiery red scales are hard. (AC +6)
You cannot fit into any form of body armour.
Your flesh is heat resistant. (rF+)
You are cold-blooded and may be slowed by cold attacks.


Message History

Confirm with . or Enter, or press ? or * to list all spells.
Flames lash the wight but do no damage.
You feel sick. The water moccasin bites you.
You are more poisoned.
The water moccasin poisons you! The wight barely misses you.
Unknown command.
As you read the scroll of teleportation, it crumbles to dust.
You feel strangely unstable.
You feel very sick. The water moccasin barely misses you.
The wight closely misses you.
The water moccasin bites you but does no damage.
Unknown command.
Okay, then.
Casting: Scorch (safe; 1% risk of failure)
Confirm with . or Enter, or press ? or * to list all spells.
Flames lash the water moccasin.
The water moccasin is burned terribly!
The water moccasin is almost dead.
You feel very sick. The water moccasin bites you.
You are lethally poisoned!
The water moccasin poisons you! The wight hits you but does no damage.
You closely miss the water moccasin.
Your tail-slap misses the water moccasin.
The water moccasin is almost dead.
* * * LOW HITPOINT WARNING * * *
You feel very sick. The water moccasin misses you.
The wight hits you but does no damage.
You closely miss the water moccasin.
The water moccasin is almost dead.
Your surroundings suddenly seem different.
* * * LOW HITPOINT WARNING * * *
You feel very sick.
It was a potion of brilliance.
You feel clever all of a sudden.
* * * LOW HITPOINT WARNING * * *
You feel very sick.
There is a lethal amount of poison in your body!
There is a lethal amount of poison in your body!
There is a lethal amount of poison in your body!
You die...

#....##....)..#.#..#
##############....##.............
#............###.###.....#..>....
.............+.#.###.....#(.....#
.............#.#.##.....#.......#
.............#.#.##......#.......
.............#....#......###.#...
##...........#....####...........
#....#.........@.# #...#..)....
#................# #...#.......
#................# #...........
#.............#.## #...........
#............##.# #...........
#####........##.# ####.......#
#........##.# #.....#..
#.#########.# #.....### #.#
#.########.##### #


There were no monsters in sight!

Vanquished Creatures
  Pikel (D:4)
  Sigmund (D:5)
  Eustachio (D:4)
  An orc warrior (D:5)
  A black bear (D:5)
  An ice beast (D:5)
  2 lemures (D:4)
  A phantom (D:5)
  3 scorpions (D:5)
  A wight (D:6)
  4 hounds
  2 jellies
  Crazy Yiuf (D:5)
  Ijyb (D:3)
  Terence (D:3)
  3 orc wizards (D:5)
  10 adders
  A worm (D:3)
  2 dart slugs
  6 orcs
  A bat (D:2)
  9 endoplasms
  A giant cockroach (D:1)
  4 goblins
  5 hobgoblins
  2 jackals (D:5)
  A quokka (D:3)
  8 ball pythons
  3 frilled lizards
  8 kobolds
  7 rats
  A spectral goblin (D:4)
94 creatures vanquished.

Notes
Turn   | Place    | Note
-------+----------+-------------------------------------------
     0 | D:1      | experimilk the Draconian Conjurer began the quest for the
                  | Orb.
     0 | D:1      | Reached XP level 1. HP: 14/14 MP: 3/3
   603 | D:1      | Reached XP level 2. HP: 20/20 MP: 3/5
  1281 | D:2      | Learned a level 2 spell: Searing Ray
  1363 | D:2      | Reached skill level 5 in Conjurations
  1371 | D:2      | Reached XP level 3. HP: 11/26 MP: 1/6
  2265 | D:3      | Reached XP level 4. HP: 33/33 MP: 1/7
  2421 | D:3      | Noticed Ijyb
  2435 | D:3      | Killed Ijyb
  2684 | D:3      | Reached skill level 6 in Conjurations
  2948 | D:3      | Noticed Terence
  3083 | D:4      | Reached XP level 5. HP: 38/38 MP: 3/8
  3090 | D:4      | Noticed Eustachio
  3363 | D:3      | Killed Terence
  3377 | D:3      | Found a basalt altar of Yredelemnul.
  3476 | D:3      | Found an ornate altar of the Wu Jian Council.
  3685 | D:3      | Reached skill level 7 in Conjurations
  4048 | D:4      | Found a sacrificial altar of Ru.
  4115 | D:4      | Killed Eustachio
  4116 | D:4      | Reached XP level 6. HP: 30/45 MP: 0/9
  4236 | D:4      | Found a hazy altar of Hepliaklqana.
  4600 | D:4      | Reached skill level 8 in Conjurations
  4722 | D:4      | Found a staircase to the Ecumenical Temple.
  4980 | D:4      | Noticed Pikel
  4987 | D:4      | Killed Pikel
  4988 | D:4      | Reached skill level 9 in Conjurations
  4988 | D:4      | Your scales start taking on a fiery red colour.
  4988 | D:4      | Reached XP level 7. HP: 50/50 MP: 2/12
  4988 | D:4      | Gained mutation: Your flesh is heat resistant. (rF+) [Red
                  | Draconian growth]
  5063 | D:4      | Learned a level 2 spell: Scorch
  5068 | D:4      | Learned a level 4 spell: Flame Wave
  5203 | Temple   | Entered the Ecumenical Temple
  5301 | Temple   | Became a worshipper of Vehumet
  5369 | D:5      | Entered Level 5 of the Dungeon
  5375 | D:5      | Reached skill level 1 in Fire Magic
  5462 | D:5      | Found a glowing silver altar of Zin.
  5462 | D:5      | Found an ancient bone altar of Kikubaaqudgha.
  5527 | D:5      | Found a glowing golden altar of the Shining One.
  5546 | D:5      | Reached XP level 8. HP: 57/57 MP: 3/14
  6024 | D:5      | Noticed Sigmund
  6030 | D:5      | Killed Sigmund
  6031 | D:5      | Reached skill level 5 in Fire Magic
  6200 | D:5      | Reached skill level 5 in Spellcasting
  6465 | D:5      | Found a runed translucent door.
  6466 | D:5      | Noticed Crazy Yiuf
  6679 | D:5      | Killed Crazy Yiuf
  6977 | D:5      | HP: 1/57 [wight/+0 hand axe (9)]
  6990 | D:5      | Succumbed to a water moccasin's poison

Illustrated notes

Levels and vault maps discovered:
D:1:      dpeg_arrival_another_circle, layout_loops_corners
D:2:      layout_rooms
D:3:      minmay_diamond_boxcup, layout_rooms, mainiacjoe_overflow_alcove_1,
          nicolae_wu_jian_wuxing_cycle, eino_curves_04, serial_park_tiny_2,
          uniq_ijyb, uniq_terence
D:4:      layout_cave_pods, nicolae_hepliaklqana_monster_ancestors,
          mainiacjoe_overflow_alcove_2, minmay_temple_entry_statues_pillars,
          lightli_ossuary_entry_decrepit_ruins, uniq_pikel, uniq_eustachio
D:5:      layout_basic, tso_metal_star, gammafunk_temple_overflow_statue,
          uniq_sigmund, uniq_crazy_yiuf_cottage
D:6:      layout_layer_cave
Temple:   nicolae_temple_figure_eight

Skill      XL: |  1  2  3  4  5  6  7  8 |
---------------+-------------------------+-----
Conjurations   | 5 6 7 9 |  9.0
Spellcasting   | 3 4 5 |  5.5
Fire Magic     | 2 7 |  7.0
Dodging        | |  1.7
Stealth        | |  1.7

Action                     |  1- 3 |  4- 6 |  7- 9 || total
---------------------------+-------+-------+-------++-------
  Melee: Unarmed           |     2 |       |       ||     2
         Spear             |     8 |       |       ||     8
         Tailslap          |     1 |     2 |     1 ||     4
         Short sword       |     4 |    19 |     9 ||    32
   Cast: Magic Dart        |    61 |    39 |    30 ||   130
         Searing Ray       |     3 |    24 |       ||    27
         Scorch            |       |       |    48 ||    48
Ability: Breathe Fire      |       |       |     4 ||     4
  Evoke: Wand              |       |     4 |       ||     4
    Use: Scroll            |       |     8 |     1 ||     9
         Potion            |       |     1 |     4 ||     5
 Armour: Skin              |     5 |    22 |    11 ||    38
  Dodge: Dodged            |    11 |    31 |    29 ||    71

Table legend: (Time is in decaauts)
 A = Elapsed time spent in this place.
 B = Non-inter-level travel time spent in this place.
 C = Inter-level travel time spent in this place.
 D = Time resting spent in this place.
 E = Time spent auto-exploring this place.
 F = Levels seen in this place.
 G = Mean time per level.
                   A        B        C        D        E       F      G
               +--------+--------+--------+--------+--------+-----+--------+
         Total |   6989 |   6650 |    339 |   1532 |   4312 |   7 |  998.4 |
       Dungeon |   6871 |   6551 |    320 |   1532 |   4222 |   6 | 1145.2 |
        Temple |    118 |     99 |     19 |      0 |     90 |   1 |  118.0 |
               +--------+--------+--------+--------+--------+-----+--------+

Top non-repeatable levels by time:
     D:5: 1614 daAuts
     D:4: 1575 daAuts
     D:1: 1275 daAuts
     D:3: 1271 daAuts
     D:2: 1126 daAuts
  Temple: 118 daAuts
     D:6: 7 daAuts
